[Event "St Kilda East and Caulfield Chess Club T3 2025 OPEN Thursdays"]
[Site "st kilda east, Australia"]
[Date "2025.08.28"]
[Round "5.2"]
[White "Hird, Jasper"]
[Black "Milic, James"]
[Result "0-1"]
[TimeControl "60 minutes per player per game plus 10 seconds from move 1"]
[WhiteElo "1459"]
[BlackElo "1368"]

1. e4 e5 2. Nf3 Nc6 3. Bc4 Nf6 4. d3 Bc5 5. O-O d6 6. c3 a5 7. a4 Ba7 8. Nbd2 O-O 9. h3 Be6 10.
Re1 d5 11. exd5 Nxd5 12. Ne4 f6 13. d4 exd4 14. cxd4 Bf7 15. Be3 Ncb4 16. Nh4 Kh8 17. Bxd5 Qxd5 18. Ng3 Be6 19. Rc1 c6 20.
f4 Rac8 21. f5 Bf7 22. Qg4 Nd3 23. Ng6+ hxg6 24. fxg6 Bxg6 25. Qxg6 Nxe1 26. Nf5 Qxg2+ 27. Qxg2 Nxg2 28. Kxg2 Rcd8 29.
Rf1 g6 30. Nh4 Kg7 31. Nf3 Rfe8 32. Kf2 Rd5 33. Re1 Kf7 34. h4 c5 35. Rc1 cxd4 36. Bd2 d3+ 37. Kg3 Re7 38. Rf1 Rf5 39.
Rc1 Bb8+ 0-1

[Event "St Kilda East and Caulfield Chess Club T3 2025 OPEN Thursdays"]
[Site "st kilda east, Australia"]
[Date "2025.08.28"]
[Round "5.1"]
[White "Sandler, Leonid"]
[Black "Hendrey, Thomas"]
[Result "1-0"]
[TimeControl "60 minutes per player per game plus 10 seconds from move 1"]
[WhiteElo "2279"]
[BlackElo "1919"]

1. d4 Nf6 2. c4 c5 3. Nf3 cxd4 4. Nxd4 e6 5. g3 d5 6. Bg2 Nc6 7. O-O Qb6 8. Nb5 dxc4 9. N1c3 Nd5 10.
Bxd5 exd5 11. Nxd5 c3 12. Ndxc3 1-0

[Event "St Kilda East and Caulfield Chess Club T3 2025 OPEN Thursdays"]
[Site "st kilda east, Australia"]
[Date "2025.08.28"]
[Round "5.8"]
[White "Lopata, Felix"]
[Black "Warren, Elizabeth"]
[Result "1-0"]
[TimeControl "60 minutes per player per game plus 10 seconds from move 1"]
[WhiteElo "1254"]
[BlackElo "837"]

1. d4 Nf6 2. c4 e6 3. Nc3 d5 4. cxd5 exd5 5. Bg5 c6 6. e3 Bb4 7. Bd3 h6 8. Bh4 Nbd7 9.
Nge2 g5 10. Bg3 Bxc3+ 11. Nxc3 Qe7 12. Qc2 c5 13. Nb5 O-O 14. Bd6 Qe6 15. Bxf8 Kxf8 16. Nc7 Qg4 17. Nxa8 Qxg2 18. O-O-O c4 19.
Bxc4 Ne4 20. Bxd5 Qxf2 21. Qxc8+ Kg7 22. Bxe4 Qxe3+ 23. Kb1 Qxe4+ 24. Ka1 Nf6 25. Nc7 Qf3 26. Rhf1 Qe2 27. Rde1 Qxh2 28.
Ne8+ Nxe8 29. Qxe8 Qc7 30. Re7 Qc4 31. Rexf7+ 1-0

[Event "St Kilda East and Caulfield Chess Club T3 2025 OPEN Thursdays"]
[Site "st kilda east, Australia"]
[Date "2025.08.28"]
[Round "5.3"]
[White "Kagan, Naum"]
[Black "Hennessy, Maurice"]
[Result "1-0"]
[TimeControl "60 minutes per player per game plus 10 seconds from move 1"]
[WhiteElo "2079"]
[BlackElo "1255"]

1. Nf3 d5 2. b3 Nf6 3. Bb2 Bf5 4. e3 e6 5. c4 c6 6. Nc3 Bd6 7. d3 O-O 8. Nh4 Bg4 9. Be2 Bxe2 10.
Qxe2 Nbd7 11. Nf3 Ne5 12. Nxe5 Bxe5 13. f4 Bc7 14. O-O Bb6 15. Na4 Bc7 16. Rf3 Re8 17. Raf1 e5 18. fxe5 Bxe5 19.
Bxe5 Rxe5 20. cxd5 cxd5 21. Nb2 Qe7 22. d4 Re4 23. Qd2 Re8 24. Nd1 Qe6 25. h3 Re7 26. Qc2 Ne8 27. g4 Rc7 28.
Qh2 Re7 29. Qb8 b6 30. Rf4 Rxe3 31. Nxe3 Qxe3+ 32. R4f2 Qxh3 33. Qf4 Nf6 34. g5 Qg4+ 35. Qxg4 Nxg4 36. Rf4 Ne3 37. Rc1 h6 38.
gxh6 gxh6 39. Kf2 f5 1-0

[Event "St Kilda East and Caulfield Chess Club T3 2025 OPEN Thursdays"]
[Site "st kilda east, Australia"]
[Date "2025.08.28"]
[Round "5.9"]
[White "O'Connor, Alistair"]
[Black "Shore, Isaac"]
[Result "0-1"]
[TimeControl "60 minutes per player per game plus 10 seconds from move 1"]
[WhiteElo "1053"]
[BlackElo "562"]

1. d4 Nf6 2. Bg5 d5 3. Bxf6 gxf6 4. Nf3 Nc6 5. e3 e5 6. c4 Bb4+ 7. Nc3 exd4 8. Nxd4 Nxd4 9. Qxd4 Qe7 10.
O-O-O Be6 11. Nxd5 O-O-O 12. Qxa7 Bxd5 13. Qa8+ Kd7 14. Rxd5+ Bd6 15. Qa4+ c6 16. c5 Ra8 17. Rxd6+ Qxd6 18.
cxd6 Rxa4 19. a3 Kxd6 20. Be2 Rg8 21. g3 Ra5 22. Bf3 Rf5 23. Rd1+ Kc7 24. Be4 Rxf2 25. Bxh7 Rg4 26. e4 Rxh2 27.
Bf5 Rxg3 28. Rd7+ Kb6 29. Rd1 Rgg2 30. b4 Rc2+ 31. Kb1 Rb2+ 32. Ka1 Ra2+ 33. Kb1 Rxa3 34. Rd4 Rg3 35. Rd1 Rgg2 0-1

[Event "St Kilda East and Caulfield Chess Club T3 2025 OPEN Thursdays"]
[Site "st kilda east, Australia"]
[Date "2025.08.28"]
[Round "5.10"]
[White "Bo, Jeremie"]
[Black "Nash, Paul"]
[Result "1-0"]
[TimeControl "60 minutes per player per game plus 10 seconds from move 1"]
[WhiteElo "473"]
[BlackElo "1009"]

1. e4 e5 2. Nf3 Nc6 3. Bc4 Nf6 4. Ng5 d5 5. exd5 Na5 6. Bb5+ c6 7. dxc6 bxc6 8. Be2 h6 9. Nf3 Bd6 10.
O-O O-O 11. c3 Bf5 12. d3 Rb8 13. b4 Nb7 14. Be3 Bxd3 15. Bxd3 e4 16. Be2 exf3 17. Bxf3 c5 18. Nd2 a6 19.
Nc4 Qc7 20. Nxd6 Rfd8 21. bxc5 Nxc5 22. Qc1 Qxd6 23. Bf4 Qe6 24. Bxb8 Rxb8 25. Qa3 Qc4 26. Rab1 Re8 27. Rfe1 Nfe4 28.
Rb4 Qd5 29. Rd4 Qc6 30. Rc4 Qb6 31. Rxc5 Rb8 32. Bxe4 1-0

[Event "St Kilda East and Caulfield Chess Club T3 2025 OPEN Thursdays"]
[Site "st kilda east, Australia"]
[Date "2025.08.28"]
[Round "5.6"]
[White "Kalisch, Tom"]
[Black "Wang, Noah"]
[Result "1-0"]
[TimeControl "60 minutes per player per game plus 10 seconds from move 1"]
[WhiteElo "1506"]
[BlackElo "913"]

1. e4 c5 2. Nf3 d6 3. d4 cxd4 4. Nxd4 Nf6 5. Nc3 a6 6. Bd3 e6 7. O-O Be7 8. f4 Nbd7 9. Kh1 O-O 10.
Qe2 b5 11. Nc6 Qe8 12. Nxe7+ Qxe7 13. e5 dxe5 14. fxe5 Ne8 15. Qe4 Nc7 16. Qxh7# 1-0

[Event "St Kilda East and Caulfield Chess Club T3 2025 OPEN Thursdays"]
[Site "st kilda east, Australia"]
[Date "2025.08.28"]
[Round "5.7"]
[White "Bambridge, Greg"]
[Black "Beckman, John"]
[Result "1-0"]
[TimeControl "60 minutes per player per game plus 10 seconds from move 1"]
[WhiteElo "1378"]
[BlackElo "1201"]

1. e4 d6 2. d4 e5 3. dxe5 dxe5 4. Qxd8+ Kxd8 5. Nc3 Bb4 6. Bd2 c6 7. Bc4 f6 8. O-O-O Bg4 9. f3 Bd7 10.
Nge2 b5 11. Be6 Ke8 12. Bxd7+ Nxd7 13. f4 a5 14. Rhf1 a4 15. Kb1 Bc5 16. Ng3 b4 17. Nce2 g6 18. Nc1 h5 19. Nd3 b3 20.
cxb3 axb3 21. a3 Bd4 22. Ne2 Ba7 23. Bc3 c5 24. fxe5 c4 25. Nb4 Nxe5 26. Nf4 Ne7 27. Ne6 Kf7 28.
Nc7 Kg7 29. Nxa8 Rxa8 30. Bxe5 fxe5 31. Rd7 Bc5 32. Nd5 Re8 33. Nc7 Rc8 34. Ne6+ Kh6 35. Nxc5 Nc6 36. Rff7 Nd4 37. h4 Rh8 38.
Na4 Ne6 39. Nc3 Nc5 40. Rc7 Ne6 41. Rxc4 Rd8 42. Nd5 Nf4 43. Rcc7 Rh8 44. Nf6 g5 45. g3 Ne2 46. Nd5 gxh4 47.
gxh4 1-0